 Dungeon Crawl Stone Soup version 0.32-a0-473-gd044c6f0f0 (webtiles) character file.

Game seed: 11792150239745300608

210 jasper the Cudgeller (level 5, 7/45 HPs)
             Began as a Mountain Dwarf Fighter on Feb 26, 2024.
             Was an Initiate of Ashenzari.
             Quit the game on level 4 of the Dungeon.
             The game lasted 00:04:55 (2635 turns).

jasper the Cudgeller (Mountain Dwarf Fighter)       Turns: 2635, Time: 00:04:56

Health: 7/45       AC:  9    Str: 20    XL:     5   Next: 57%
Magic:  5/5        EV:  7    Int:  9    God:    Ashenzari [......]
Gold:   895        SH:  4    Dex:  9    Spells: 4/4 levels left

rFire   . . .        a - +1 flail (protect)
rCold   . . .        c - +0 buckler
rNeg    . . .        d - +0 chain mail
rPois   .            (no helmet)
rElec   .            (no cloak)
rCorr   .            (no gloves)
SInv    .            (no boots)
Will    +....        (no amulet) Stlth
                     e - ring of willpower
HPRegen 0.27/turn    (no ring)
MPRegen 0.09/turn

%: no passive effects
@: lethally poisoned (7 -> -30)
A: runic magic, artefact enchanting
a: Renounce Religion


You were on level 4 of the Dungeon.
You worshipped Ashenzari.
Ashenzari was noncommittal.
You visited 1 branch of the dungeon, and saw 4 of its levels.

You collected 895 gold pieces.

Inventory:

Hand Weapons
 a - a +1 flail of protection (weapon)
Missiles
 f - 3 stones (quivered)
 h - a throwing net
Armour
 b - a +0 scale mail
 c - a +0 buckler (worn)
 d - a +0 chain mail (worn)
 o - a scarf of invisibility
Jewellery
 e - a ring of willpower (left hand)
 g - a ring of ice
Wands
 n - a wand of roots (10)
Scrolls
 k - a scroll of immolation
 l - a scroll of torment
Potions
 j - a potion of haste
 m - 2 potions of cancellation


   Skills:
 - Level 3.2 Fighting
 + Level 7.1 Maces & Flails
 - Level 3.2 Armour
 - Level 3.2 Shields


You had 4 spell levels left.
You didn't know any spells.
Your spell library contained the following spells:

 Spells                   Type           Power      Damage    Failure   Level
 Magic Dart               Conj           0%         1d3       63%         1
 Searing Ray              Conj           0%         2d4       77%         2
 Hailstorm                Conj/Ice       0%         3d5       94%         3
 Summon Ice Beast         Ice/Summ       0%         N/A       94%         3
 Fulminant Prism          Conj/Alch      0%         3d5       100%        4
 Sculpt Simulacrum        Ice/Alch       0%         N/A       100%        6


Dungeon Overview and Level Annotations

Branches:
Dungeon (4/15)
 Temple: D:4-7

Altars:
Ashenzari
Dithmenos
Elyvilon
Makhleb
Ru
Wu Jian


Innate Abilities, Weirdness & Mutations

Your spellcasting is much less encumbered by armour.
You can use scrolls of enchantment on lesser artefacts.


Message History

The killer bee stings you but does no damage.
The killer bee stings you!
You are poisoned.
The killer bee poisons you!
The killer bee stings you but does no damage. x2
The killer bee barely misses you. The killer bee closely misses you.
The killer bee barely misses you. The killer bee stings you.
You are more poisoned.
The killer bee poisons you!
You take 8 damage, and have 37/45 hp.
You closely miss the killer bee.
You feel very sick.
The killer bee stings you but does no damage. x4
The killer bee stings you!
A killer bee comes into view.
The killer bee stings you.
You take 15 damage, and have 22/45 hp.
MASSIVE DAMAGE!!
You miss the killer bee.
You feel very sick.
The killer bee buzzes angrily.
The killer bee stings you.
* * * LOW HITPOINT WARNING * * *
You are lethally poisoned!
The killer bee poisons you!
The killer bee stings you but does no damage.
You block the killer bee's attack. The killer bee stings you.
* * * LOW HITPOINT WARNING * * *
You are more poisoned.
The killer bee poisons you! The killer bee stings you.
* * * LOW HITPOINT WARNING * * *
You are more poisoned.
The killer bee poisons you!
You take 15 damage, and have 7/45 hp.
MASSIVE DAMAGE!!
Unknown command.
Okay, then.
Okay, then.
Are you sure you want to abandon this character and quit the game? (Confirm with "yes".)
Okay, then.
Unknown command.
Are you sure you want to abandon this character and quit the game? (Confirm with "yes".)

....#.###....##..#
..#.#.##.........## ..
_.#.#.............# W.$.
..#.#............####...$.
....#.#.#........#...##..
###.#...#........W..y..#
.........#.......###......
.####....#.....yy## #####.
........†<.....y@y#
#####....##.....###
##..###...... ##..#..###.#
#..#.. ### #.... ##...
#...


You could see a phantom and 4 killer bees.

Vanquished Creatures
  Terence (D:2)
  2 orc wizards (D:3)
  7 adders
  3 dart slugs
  A ribbon worm (D:2)
  2 orcs (D:3)
  2 ball pythons
  6 endoplasms
  2 giant cockroaches
  6 goblins
  8 hobgoblins
  4 jackals (D:3)
  2 quokkas
  5 bats (D:1)
  5 frilled lizards
  3 kobolds (D:1)
  4 rats
63 creatures vanquished.

Notes
Turn   | Place    | Note
-------+----------+-------------------------------------------
     0 | D:1      | jasper the Mountain Dwarf Fighter began the quest for the
                  | Orb.
     0 | D:1      | Reached XP level 1. HP: 19/19 MP: 1/1
    85 | D:1      | Reached skill level 3 in Maces & Flails
   253 | D:1      | Reached XP level 2. HP: 26/26 MP: 2/2
   406 | D:1      | Reached skill level 4 in Maces & Flails
   549 | D:1      | Reached XP level 3. HP: 31/31 MP: 3/3
   847 | D:2      | Reached skill level 5 in Maces & Flails
   901 | D:2      | Reached XP level 4. HP: 38/38 MP: 4/4
  1147 | D:2      | Noticed Terence
  1257 | D:2      | Killed Terence
  1258 | D:2      | Reached skill level 6 in Maces & Flails
  1315 | D:3      | Found a sacrificial altar of Ru.
  1329 | D:3      | Became a worshipper of Ru the Awakened
  1376 | D:3      | Identified a scroll of acquirement
  1376 | D:3      | Acquired 734 gold pieces
  1709 | D:3      | Reached XP level 5. HP: 42/45 MP: 5/5
  1741 | D:3      | Found a shadowy altar of Dithmenos.
  1744 | D:3      | Found an ornate altar of the Wu Jian Council.
  1761 | D:3      | Found a white marble altar of Elyvilon.
  1764 | D:3      | Found a broken altar of Ashenzari.
  2119 | D:3      | Fell from the grace of Ru
  2119 | D:3      | Became a worshipper of Ashenzari the Shackled
  2563 | D:4      | Reached skill level 7 in Maces & Flails
  2564 | D:4      | Found a burning altar of Makhleb.
  2625 | D:4      | Noticed a phantom
  2635 | D:4      | Quit the game

Illustrated notes

Levels and vault maps discovered:
D:1:      orjb1_clovarrival, layout_basic
D:2:      layout_basic, uniq_terence
D:3:      layout_loops_corners, grunt_temple_overflow_cloverleaf,
          mainiacjoe_overflow_chevrons
D:4:      layout_cave_pools, mainiacjoe_overflow_cross_hatched

Skill      XL: |  1  2  3  4  5 |
---------------+----------------+-----
Maces & Flails | 3 4 5 6 7 |  7.1
Fighting       | |  3.2
Armour         | |  3.2
Shields        | |  3.2

Action                     |  1- 3 |  4- 6 || total
---------------------------+-------+-------++-------
  Melee: Flail             |    88 |   108 ||   196
  Throw: Stone             |     2 |     2 ||     4
    Use: Potion            |     1 |     1 ||     2
         Scroll            |       |     9 ||     9
 Armour: Scale mail        |    58 |    25 ||    83
         Chain mail        |       |    59 ||    59
  Dodge: Dodged            |    46 |    35 ||    81
  Block: Buckler           |    22 |    14 ||    36

Table legend: (Time is in decaauts)
 A = Elapsed time spent in this place.
 B = Non-inter-level travel time spent in this place.
 C = Inter-level travel time spent in this place.
 D = Time resting spent in this place.
 E = Time spent auto-exploring this place.
 F = Levels seen in this place.
 G = Mean time per level.
                   A        B        C        D        E       F      G
               +--------+--------+--------+--------+--------+-----+--------+
         Total |   2688 |   2500 |    188 |    290 |   1547 |   4 |  672.0 |
       Dungeon |   2688 |   2500 |    188 |    290 |   1547 |   4 |  672.0 |
               +--------+--------+--------+--------+--------+-----+--------+

Top non-repeatable levels by time:
     D:3: 1253 daAuts
     D:1: 764 daAuts
     D:2: 587 daAuts
     D:4: 83 daAuts
